 Dungeon Crawl Stone Soup version 0.32-a0-22-g6ae6769602 (webtiles) character file.

Game seed: 11405734772635906087

98634 Turgor the Grappler (level 16, -3/140 HPs)
             Began as a Ghoul Monk on Jan 17, 2024.
             Was the Champion of Wu Jian.
             Killed from afar by a crystal guardian (10 damage)
             ... with a crystal bolt
             ... on level 2 of the Abyss on Jan 18, 2024.
             The game lasted 02:41:40 (21405 turns).

Turgor the Grappler (Ghoul Monk)                   Turns: 21405, Time: 02:41:42

Health: -3/140     AC: 26    Str: 23 (25) XL:     16   Next: 22%
Magic:  25/25      EV: 11    Int: 14 (16) God:    Wu Jian [******]
Gold:   1988       SH:  4    Dex:  9 (11) Spells: 21/27 levels left

rFire   . .          .
                       - Unarmed
rCold   + + .        Y - +0 buckler
rNeg    + + +        q - +6 ring mail "Imennoce" {rElec rC+ Int+3 Slay+3}
rPois   ∞            S - +2 hat
rElec   +            M - +0 cloak
rCorr   .            g - +1 pair of gloves
SInv    .            F - +1 pair of boots {Stlth+}
Will    +....        C - amulet of the acrobat
Stlth   +++          Q - +6 ring of strength
HPRegen 0.00/turn    J - +4 ring of protection
MPRegen 0.19/turn

%: acrobat
@: about to teleport, inhibited regen
A: claws 1, cold resistance 1, negative energy resistance 3, inhibited
regeneration, torment resistance 2, devour on kill
a: Renounce Religion, Wall Jump, Serpent's Lash, Heavenly Storm


You were on level 2 of the Abyss.
You worshipped Wu Jian.
Wu Jian was exalted by your worship.
You visited 4 branches of the dungeon, and saw 19 of its levels.
You visited the Abyss 2 times.
You also visited: Bailey and Ice Cave.

You collected 2212 gold pieces.
You spent 224 gold pieces at shops.

Inventory:

Missiles
 t - 29 poisoned darts (quivered)
 v - 7 throwing nets
 I - 3 curare-tipped darts
Armour
 g - a +1 pair of gloves (worn)
 q - the +6 ring mail "Imennoce" (worn) {rElec rC+ Int+3 Slay+3}
   (You found it on level 3 of the Dungeon)

   Int+3:     It affects your intelligence (+3).
   Slay+3:    It affects your accuracy & damage with ranged weapons and melee
   (+3).
   rC+:       It protects you from cold.
   rElec:     It insulates you from electricity.
 F - a +1 pair of boots of stealth (worn)
 M - a +0 cloak (worn)
 S - a +2 hat (worn)
 Y - a +0 buckler (worn)
Jewellery
 d - a ring of protection from cold
 o - a ring of willpower
 C - an amulet of the acrobat (around neck)
 J - a +4 ring of protection (right hand)
 K - a ring of resist corrosion
 O - an amulet of magic regeneration
 P - an amulet of regeneration
 Q - a +6 ring of strength (left hand)
Wands
 j - a wand of polymorph (5)
 u - a wand of flame (49)
 x - a wand of charming (8)
 V - a wand of mindburst (14)
 W - a wand of light (7)
Scrolls
 h - 3 scrolls of teleportation
 k - a scroll of enchant weapon
 m - a scroll of fog
 n - a scroll of blinking
 y - a scroll of acquirement
 B - 3 scrolls of brand weapon
 G - a scroll of vulnerability
 H - 3 scrolls of fear
 U - 4 scrolls of identify
 X - a scroll of silence
Potions
 a - 3 potions of cancellation
 b - 2 potions of ambrosia
 c - a potion of resistance
 f - 7 potions of curing
 i - a potion of haste
 l - 6 potions of might
 p - 2 potions of magic
 z - 2 potions of invisibility
 R - a potion of brilliance
Miscellaneous
 e - a condenser vane (inert)


   Skills:
 + Level 12.3 Fighting
 + Level 11.3 Armour
 - Level 2.6 Dodging
 - Level 6.0 Stealth
 * Level 2.5 Shields
 + Level 14.3 Unarmed Combat
 - Level 6.0 Spellcasting
 * Level 7.7 Conjurations
 - Level 9.0 Translocations
 - Level 10.0 Evocations


You had 21 spell levels left.
You knew the following spells:

 Your Spells              Type           Power      Damage    Failure   Level
a - Blink                 Tloc           58%        N/A       1%          2
b - Iskenderun's Mystic   Conj/Tloc      27%        2d7       9%          4

Your spell library contained the following spells:

 Spells                   Type           Power      Damage    Failure   Level
 Apportation              Tloc           58%        N/A       1%          1
 Lesser Beckoning         Tloc           58%        N/A       1%          2
 Momentum Strike          Conj/Tloc      54%        3d9       1%          2
 Kiss of Death            Conj/Necr      60%        2d10      5%          1
 Sting                    Conj/Alch      60%        1d6       5%          1
 Stone Arrow              Conj/Erth      30%        3d8       17%         3
 Freeze                   Ice            16%        1d4       26%         1
 Necrotise                Necr           16%        1d4       26%         1
 Sandblast                Erth           8%         2d5       26%         1
 Summon Small Mammal      Summ           16%        N/A       26%         1
 Mephitic Cloud           Conj/Alch/Air  11%        N/A       28%         3
 Ensorcelled Hibernation  Hex/Ice        8%         N/A       38%         2
 Mercury Vapours          Alch/Air       8%         N/A       38%         2
 Dimensional Bullseye     Hex/Tloc       8%         N/A       38%         4
 Brom's Barrelling Bould  Conj/Erth      15%        2d4       50%         4
 Confusing Touch          Hex            4%         N/A       63%         3
 Ozocubu's Armour         Ice            4%         N/A       63%         3
 Passwall                 Erth           4%         N/A       63%         3
 Tukima's Dance           Hex            4%         N/A       63%         3
 Animate Armour           Summ/Erth      8%         N/A       95%         4
 Dispel Undead            Necr           4%         3d7       95%         4
 Summon Lightning Spire   Summ/Air       4%         N/A       95%         4
 Freezing Cloud           Conj/Ice/Air   5%         6-21      95%         5
 Lee's Rapid Deconstruct  Erth           2%         3d4*      100%        5
 Sculpt Simulacrum        Ice/Alch       2%         N/A       100%        6
 Ozocubu's Refrigeration  Ice            2%         4d7       100%        7
 Polar Vortex             Ice            2%         N/A       100%        9


Dungeon Overview and Level Annotations

Branches:
Dungeon (12/15)            Temple (1/1) D:5            Lair (5/5) D:9
  Swamp (0/4) Lair:2       Spider (0/4) Lair:2        Slime (0/5) Lair:4
    Orc (1/2) D:12         Bailey (visited)           IceCv (visited)

Altars:
Ashenzari
Cheibriados
Dithmenos
Fedhas
Gozag
Hepliaklqana
Kikubaaqudgha
Makhleb
Nemelex Xobeh
Okawaru
Qazlal
Ru
Sif Muna
Trog
Uskayaw
Vehumet
Wu Jian
Xom
Yredelemnul
Jiyva

Shops:
D:9 ?   Orc:1 =

Portals:
Abyss: Orc:1
Trove: D:11 (give 12 scrolls of teleportation)

Annotations:
D:2 1 runed translucent door, Crazy Yiuf
D:6 2 transporters, Mll's ghost, novice GrFi
D:12 6 runed translucent doors, exclusion: obsidian statue, bmj180's ghost, journeyman HuCj; munkybalat's ghost, journeyman NaCj; t4s4d4r's ghost, journeyman BaHu; t4s4d4r's ghost, journeyman DEEE
Lair:4 1 runed translucent door
Orc:1 1 transporter, Gikes's ghost, journeyman TrFi


Innate Abilities, Weirdness & Mutations

You are immune to poison.
You have sharp fingernails.
Your flesh is cold resistant. (rC+)
You are immune to negative energy. (rN+++)
You do not regenerate when monsters are visible.
You are immune to unholy pain and torment.
You thrive by killing the living.


Message History

The wretched star glows turbulently.
The lance of force hits you.
You are knocked back by the lance of force.
You slam into the stone wall!
The wretched star pulses with an eldritch light!
You punch the crystal guardian!
The crystal guardian is lightly damaged.
The wretched star pulses with an eldritch light!
Your body decomposes!
You feel clumsy.
The crystal guardian fires a crystalline bolt at you.
The crystal bolt freezes you! You resist. The crystal bolt freezes you!
You resist.
* * * LOW HITPOINT WARNING * * *
The crystal bolt freezes the crystal guardian.
The crystal guardian completely resists.
You hit the crystal guardian but do no damage.
The crystal guardian is lightly damaged.
The wretched star pulses with an eldritch light!
Unknown command.
Unknown command.
You hit the crystal guardian but do no damage.
The crystal guardian is lightly damaged.
The crystal guardian barely misses you.
Unknown command.
You hit the crystal guardian but do no damage.
The crystal guardian is lightly damaged.
The crystal guardian fires a crystalline bolt at you.
The crystal bolt freezes you! You resist.
* * * LOW HITPOINT WARNING * * *
The crystal bolt misses you.
The crystal bolt freezes the crystal guardian.
The crystal guardian completely resists.
You hit the crystal guardian.
The crystal guardian is lightly damaged.
The crystal guardian fires a crystalline bolt at you.
The crystal bolt freezes you! You resist.
* * * LOW HITPOINT WARNING * * *
The crystal bolt freezes you! You resist.
You die...

. . . . . # ##
###.# #.@##
#.# #9###. . #
...)*)...... #
#......#.#.##.
##.#....... .
# ....... .
.#..........
#.#..... .#.#
# #.#. .....


You could see a wretched star and a crystal guardian.

Vanquished Creatures
  An Executioner (Abyss:2)
  Gastronok (Lair:2)
  2 tentacled starspawn (Abyss:2)
  Josephine (D:10)
  A fire dragon (Lair:5)
  An ice dragon (IceCv)
  A rakshasa (Orc:1)
  Harold (D:10)
  2 ogre magi
  2 catoblepae
  3 boulder beetles
  Erolcha (D:12)
  4 hydras
  5 two-headed ogres
  2 thrashing horrors (Abyss:2)
  Sonja (D:10)
  2 wretched stars (Abyss:2)
  4 skeletal warriors
  2 skysharks
  2 glowing orange brains
  2 spriggan druids (Lair:2)
  A phantasmal warrior (Abyss:2)
  A lindwurm (Lair:5)
  2 deep elf pyromancers (D:12)
  An orc knight (Orc:1)
  2 orc sorcerers (Orc:1)
  An ugly thing (D:12)
  A wolf spider (Lair:5)
  A manticore (D:12)
  A worldbinder (Abyss:2)
  2 cyclopes (D:12)
  Maurice (D:12)
  6 elephants (Lair:5)
  10 black mambas
  An apocalypse crab (Abyss:2)
  An orange demon (Abyss:2)
  2 ice statues (IceCv)
  A gargoyle (D:12)
  A guardian serpent (Lair:5)
  6 torpor snails
  4 large abominations
  14 cane toads
  An unseen horror (Abyss:2)
  8 komodo dragons
  8 rime drakes
  An efreet (D:9)
  A freezing wraith (Abyss:2)
  An ancient zyme (Abyss:2)
  5 trolls
  A polar bear (Lair:4)
  Grinder (D:5)
  A raiju (Abyss:2)
  19 blink frogs
  4 tyrant leeches (Lair:5)
  10 hornets
  3 shadows
  Sigmund (D:4)
  A culicivora (Lair:2)
  9 wraiths
  18 wyverns
  A vampire (D:9)
  2 ynoxinuls (Abyss:2)
  3 steam dragons (D:9)
  4 basilisks
  32 yaks
  2 wargs
  4 redbacks
  4 small abominations (Abyss:2)
  21 water moccasins
  An acid dragon (D:11)
  Duvessa (D:5)
  3 sky beasts
  3 ice beasts
  18 orc warriors
  3 laughing skulls (Abyss:2)
  9 ogres
  12 wolves
  11 centaurs
  4 phantoms
  3 kobold brigands
  Blork the orc (D:4)
  A brain worm (Abyss:2)
  12 bullfrogs
  An earth elemental (Abyss:2)
  2 scorpions
  4 wights
  Dowan (D:5)
  14 killer bees
  4 lindwurm simulacra (IceCv)
  An electric eel (Lair:3)
  8 howler monkeys
  A bombardier beetle (D:4)
  10 komodo dragon simulacra (IceCv)
  4 hounds
  4 orc priests
  A gnoll bouda (D:4)
  2 sleepcaps (D:5)
  Ijyb (D:5)
  Natasha (thrice) (D:4)
  9 iguanas
  9 orc wizards
  7 gnolls
  5 acid dragon simulacra (IceCv)
  14 adders
  A shadow imp (D:7)
  A white imp (D:5)
  2 ufetubi (D:5)
  2 steam dragon simulacra (IceCv)
  A dart slug (D:1)
  3 ribbon worms
  46 orcs
  3 endoplasms
  7 giant cockroaches
  8 hobgoblins
  9 jackals
  7 quokkas
  10 ball pythons
  8 bats
  4 frilled lizards
  9 goblins
  24 kobolds
  11 rats
  A lurking horror (Abyss:2)
611 creatures vanquished.

Vanquished Creatures (collateral kills)
  Snorg (Orc:1)
  2 orcs (Orc:1)
3 creatures vanquished.

Vanquished Creatures (others)
  2 komodo dragons (Lair:3)
  A scorpion (D:4)
  A wight (Abyss:2)
  A ribbon worm (D:4)
  An orc (D:4)
  4 endoplasms (D:4)
  A goblin (D:4)
  A lurking horror (Abyss:2)
  3 starspawn tentacles (Abyss:2)
15 creatures vanquished.

Grand Total: 629 creatures vanquished

Notes
Turn   | Place    | Note
-------+----------+-------------------------------------------
     0 | D:1      | Turgor the Ghoul Monk began the quest for the Orb.
     0 | D:1      | Reached XP level 1. HP: 19/19 MP: 1/1
    69 | D:1      | Reached XP level 2. HP: 21/26 MP: 2/2
   247 | D:1      | Reached skill level 4 in Unarmed Combat
   247 | D:1      | Reached XP level 3. HP: 12/33 MP: 3/3
   775 | D:1      | Found a faded altar of an unknown god.
   789 | D:1      | Learned a level 2 spell: Blink
   789 | D:1      | Prayed at the altar of an unknown god.
   789 | D:1      | Became a worshipper of the Wu Jian Council
   789 | D:1      | Reached * piety under Wu Jian
   789 | D:1      | Reached ** piety under Wu Jian
  1021 | D:2      | Found an iron altar of Okawaru.
  1049 | D:2      | Reached *** piety under Wu Jian
  1050 | D:2      | Reached XP level 4. HP: 37/40 MP: 4/4
  1289 | D:2      | Reached skill level 5 in Unarmed Combat
  1445 | D:2      | Found a runed translucent door.
  1446 | D:2      | Noticed Crazy Yiuf
  1854 | D:3      | Reached XP level 5. HP: 40/47 MP: 5/5
  1923 | D:3      | Identified the +6 ring mail "Imennoce" {rElec rC+ Int+3
                  | Slay+3}
  2040 | D:3      | Found a shadowy altar of Dithmenos.
  2347 | D:4      | Found a shimmering altar of Xom.
  2398 | D:4      | Reached skill level 1 in Stealth
  2463 | D:4      | Reached XP level 6. HP: 46/53 MP: 6/6
  2547 | D:4      | Reached skill level 5 in Fighting
  2547 | D:4      | Reached skill level 6 in Unarmed Combat
  2595 | D:4      | Noticed Sigmund
  2757 | D:4      | Reached **** piety under Wu Jian
  2766 | D:4      | Found a bloodstained altar of Trog.
  2766 | D:4      | Found a burning altar of Makhleb.
  3029 | D:4      | Found a blossoming altar of Fedhas.
  3040 | D:4      | Noticed Blork the orc
  3048 | D:4      | Killed Blork the orc
  3049 | D:4      | Reached XP level 7. HP: 59/61 MP: 7/7
  3140 | D:4      | Noticed Natasha
  3144 | D:4      | Killed Natasha
  3182 | D:4      | Reached skill level 7 in Unarmed Combat
  3255 | D:4      | Noticed Natasha
  3262 | D:4      | Killed Natasha
  3433 | D:4      | Killed Sigmund
  3482 | D:4      | Noticed Natasha
  3490 | D:4      | Killed Natasha
  3501 | D:5      | Entered Level 5 of the Dungeon
  3556 | D:5      | Reached XP level 8. HP: 59/70 MP: 8/8
  3607 | D:5      | Noticed Duvessa
  3625 | D:5      | Killed Duvessa
  3626 | D:5      | Reached skill level 8 in Unarmed Combat
  3626 | D:5      | Noticed Dowan
  3640 | D:5      | Killed Dowan
  3754 | D:5      | Noticed Grinder
  3768 | D:5      | Killed Grinder
  3769 | D:5      | Reached skill level 5 in Stealth
  3774 | D:5      | Identified the +6 quarterstaff "Seatryow" {flame, rElec
                  | rPois rC+ rCorr}
  3907 | D:5      | Reached skill level 9 in Unarmed Combat
  3979 | D:5      | Reached XP level 9. HP: 55/79 MP: 9/9
  4072 | D:5      | Noticed Ijyb
  4093 | D:5      | Killed Ijyb
  4348 | D:5      | Reached skill level 10 in Unarmed Combat
  4395 | D:5      | Found a staircase to the Ecumenical Temple.
  4405 | Temple   | Entered the Ecumenical Temple
  4577 | D:6      | Found a transporter.
  4580 | D:6      | Noticed Mll's ghost (novice GrFi)
  4859 | D:6      | Reached skill level 1 in Armour
  4939 | D:6      | Found a transporter.
  5308 | D:7      | Found a flagged portal.
  5336 | Bailey   | Entered a bailey
  5349 | Bailey   | Noticed an orc warlord
  5363 | Bailey   | Reached ***** piety under Wu Jian
  5520 | Bailey   | Found a runed translucent gate.
  5522 | Bailey   | Found a runed translucent gate.
  5524 | Bailey   | Found a runed translucent gate.
  5831 | D:7      | Acquired a +1 pair of boots of stealth
  6065 | D:7      | Reached skill level 11 in Unarmed Combat
  6065 | D:7      | Reached XP level 10. HP: 80/90 MP: 10/10
  6108 | D:7      | Found a sparkling altar of Nemelex Xobeh.
  6659 | D:8      | Reached skill level 5 in Armour
  6961 | D:9      | Found Xatoe's Magic Scroll Shop.
  7466 | D:9      | Reached skill level 12 in Unarmed Combat
  7466 | D:9      | Reached XP level 11. HP: 59/99 MP: 11/11
  7636 | D:9      | Reached skill level 10 in Fighting
  7636 | D:9      | Reached skill level 1 in Evocations
  7647 | D:9      | Bought a scroll of fear for 56 gold pieces
  7647 | D:9      | Bought a scroll of identify for 28 gold pieces
  7925 | D:9      | Found a staircase to the Lair.
  8581 | D:9      | Noticed an eight-headed hydra
  8581 | D:9      | Noticed a centaur warrior
  8581 | D:9      | Noticed a centaur warrior
  8581 | D:9      | Noticed a skeletal warrior
  8625 | D:10     | Entered Level 10 of the Dungeon
  8625 | D:10     | Noticed Sonja
  8627 | D:10     | Killed Sonja
  8751 | D:10     | Noticed Josephine
  8764 | D:10     | Killed Josephine
  8764 | D:10     | Reached ****** piety under Wu Jian
  8765 | D:10     | Reached skill level 5 in Evocations
  9074 | D:10     | Noticed Harold
  9555 | D:10     | Found a basalt altar of Yredelemnul.
  9555 | D:10     | Found an iron altar of Okawaru.
  9592 | D:10     | Killed Harold
  9593 | D:10     | Reached XP level 12. HP: 72/107 MP: 12/12
  9755 | D:11     | Found a bloodstained altar of Trog.
  9791 | D:11     | Noticed an ogre mage
  9807 | D:11     | Noticed a two-headed ogre
  9808 | D:11     | Noticed a two-headed ogre
  9809 | D:11     | Noticed a two-headed ogre
  9811 | D:11     | Killed a two-headed ogre
  9824 | D:11     | Killed an ogre mage
 10011 | D:11     | Killed a two-headed ogre
 10432 | D:11     | Killed a two-headed ogre
 10465 | D:11     | Reached skill level 13 in Unarmed Combat
 10654 | D:11     | Noticed a boulder beetle
 10671 | D:11     | Killed a boulder beetle
 10733 | D:11     | Noticed a boulder beetle
 10743 | D:11     | Killed a boulder beetle
 10802 | D:11     | Noticed a two-headed ogre
 10812 | D:11     | Killed a two-headed ogre
 10918 | D:11     | Found a portal to a secret trove of treasure.
 10987 | D:12     | Noticed bmj180's ghost (journeyman HuCj)
 10987 | D:12     | Noticed t4s4d4r's ghost (journeyman DEEE)
 10987 | D:12     | Noticed a two-headed ogre
 10987 | D:12     | Found a runed translucent gate.
 10987 | D:12     | Found a runed translucent gate.
 10987 | D:12     | Found a runed translucent gate.
 10988 | D:12     | Noticed munkybalat's ghost (journeyman NaCj)
 10988 | D:12     | Noticed t4s4d4r's ghost (journeyman BaHu)
 10996 | D:12     | Killed a two-headed ogre
 11040 | D:12     | Found a frozen archway.
 11085 | IceCv    | Entered an ice cave
 11278 | IceCv    | Got the Lectures on the Blizzard
 11362 | IceCv    | Reached skill level 1 in Translocations
 11452 | IceCv    | Reached XP level 13. HP: 112/118 MP: 12/14
 11591 | IceCv    | Reached skill level 1 in Spellcasting
 11735 | IceCv    | Noticed an ice dragon
 11763 | IceCv    | Reached skill level 14 in Unarmed Combat
 11763 | IceCv    | Reached XP level 14. HP: 126/126 MP: 14/18
 11798 | IceCv    | Found the +8 frozen axe "Frostbite" {freeze, freezing
                  | cloud, *Noise Fly rC+}
 11990 | D:12     | Found a runed translucent door.
 11991 | D:12     | Noticed Erolcha
 11996 | Abyss:2  | Found a runed translucent door.
 11996 | Abyss:2  | Cast into level 2 of the Abyss (Erolcha)
 12000 | Abyss:2  | Found a runed translucent door.
 12021 | Abyss:2  | Reached skill level 5 in Translocations
 12068 | Abyss:2  | Found a corrupted altar of Lugonu.
 12172 | Abyss:2  | Noticed a deep elf sorcerer
 12181 | Abyss:2  | Noticed an Executioner
 12185 | Abyss:2  | Killed an Executioner
 12207 | Abyss:2  | Found a corrupted altar of Lugonu.
 12457 | Abyss:2  | Noticed a cyan very ugly thing
 12608 | Abyss:2  | Noticed a tentacled starspawn
 12614 | Abyss:2  | Killed a tentacled starspawn
 12640 | Abyss:2  | Reached skill level 10 in Armour
 12652 | D:12     | Escaped the Abyss
 12660 | D:12     | Killed Erolcha
 12664 | D:12     | Found a runed translucent door.
 12849 | D:12     | Found a runed translucent door.
 12893 | D:12     | Noticed Maurice
 12909 | D:12     | Killed Maurice
 13300 | D:12     | Found a runed translucent door.
 13400 | D:12     | Found a staircase to the Orcish Mines.
 13671 | D:9      | Bought a scroll of immolation for 56 gold pieces
 13671 | D:9      | Bought a scroll of teleportation for 42 gold pieces
 13671 | D:9      | Bought a scroll of teleportation for 42 gold pieces
 13696 | Lair:1   | Entered Level 1 of the Lair of Beasts
 13780 | Lair:1   | Learned a level 4 spell: Iskenderun's Mystic Blast
 14133 | Lair:1   | Reached skill level 1 in Conjurations
 14666 | Lair:2   | Noticed Gastronok
 14694 | Lair:2   | Killed Gastronok
 14759 | Lair:2   | Found a hole to the Spider Nest.
 15008 | Lair:2   | Found the +5 Force Lance {heavy, knockback}
 15227 | Lair:2   | Found a staircase to the Swamp.
 15242 | Lair:2   | Reached XP level 15. HP: 55/132 MP: 22/22
 16004 | Lair:3   | Reached skill level 5 in Spellcasting
 16777 | Lair:4   | Found a runed translucent door.
 16777 | Lair:4   | Found a viscous altar of Jiyva.
 16777 | Lair:4   | Noticed an acid blob
 16778 | Lair:4   | Found a staircase to the Slime Pits.
 16778 | Lair:4   | Noticed an acid blob
 17271 | Lair:4   | Reached skill level 10 in Evocations
 17640 | Lair:5   | Entered Level 5 of the Lair of Beasts
 17717 | Lair:5   | Reached skill level 5 in Conjurations
 19952 | Lair:5   | Reached XP level 16. HP: 135/139 MP: 25/25
 20051 | Lair:5   | Identified the serpent talisman "Sexayffi" {rC+ rCorr}
 20491 | Orc:1    | Entered Level 1 of the Orcish Mines
 20491 | Orc:1    | Noticed Snorg
 20508 | Orc:1    | Killed Snorg
 20521 | Orc:1    | Reached skill level 1 in Shields
 20541 | Orc:1    | Found Plog's Jewellery Shoppe.
 20669 | Orc:1    | Upgraded the game from 0.32-a0-19-g28bc0835a1 to
                  | 0.32-a0-22-g6ae6769602
 20830 | Orc:1    | Found a transporter.
 20878 | Orc:1    | Found a transporter.
 20890 | Orc:1    | Noticed Gikes's ghost (journeyman TrFi)
 21052 | Orc:1    | Found a one-way gate to the infinite horrors of the Abyss.
 21108 | Abyss:2  | Cast into level 2 of the Abyss (orc warlord)
 21119 | Abyss:2  | Found a corrupted altar of Lugonu.
 21125 | Abyss:2  | Noticed a tentacled starspawn
 21144 | Abyss:2  | Killed a tentacled starspawn
 21405 | Abyss:2  | HP: 7/140 [crystal guardian/crystal bolt (15)]
 21405 | Abyss:2  | Killed from afar by a crystal guardian

Illustrated notes

Levels and vault maps discovered:
D:1:      noname_arrival_rooms_in_the_neighbourhood, layout_rooms,
          ebering_ecumenical_altar_petrified, serial_park_tiny_pond,
          minmay_cut_off
D:2:      layout_loops_ring, basic_altar, uniq_crazy_yiuf_cottage
D:3:      layout_loops_ring, nicolae_dithmenos_shadow_blocks
D:4:      layout_gridville, gammafunk_temple_overflow_pools, fedhas_altar_3,
          xom_confusion_cloud, uniq_blork_the_orc, uniq_sigmund, uniq_natasha
D:5:      layout_basic, minmay_temple_entry_poolview, uniq_duvessa, uniq_ijyb,
          uniq_grinder
D:6:      minmay_spotlight, layout_gridville, gammafunk_ghost_arena
D:7:      layout_rooms, nemelex_spade_bored_becter, enter_bailey_2
D:8:      layout_loops_cross
D:9:      wander_river, layout_basic, minmay_lair_entry_grove, serial_shops,
          shop_statue, nzn_random_ring
D:10:     layout_basic, gammafunk_temple_overflow_elements, uniq_harold,
          uniq_sonja, uniq_josephine
D:11:     layout_rooms, nicolae_trove_entry_columns, bloody_trog
D:12:     layout_small_grid, david_orc_1_choice,
          portal_ice_cave_entry_pillars_2, gammafunk_ghost_cemetery,
          minmay_statue_crystal_thing, uniq_erolcha, uniq_maurice
Temple:   nicolae_temple_bog_church
Lair:1:   layout_big_grid, grunt_forest_large_clearing_hut
Lair:2:   layout_long_grid, mainiacjoe_swamp_entry_angry_trees,
          spider_nest_entry_funnel_web, uniq_gastronok
Lair:3:   beast_lair_carwin_large_3, layout_small_grid, serial_bayou_shore_a
Lair:4:   layout_small_grid, slime_entry_2
Lair:5:   hangedman_lair_tendril_chambers, layout_layer_cave, wormcave,
          eino_small_chamber_without_monster, pond
Orc:1:    nicolae_orc_accident_1, layout_diamond_mine,
          gammafunk_ghost_abyssal_escape, serial_shops, shop, mines4_lemuel,
          uniq_snorg
Abyss:2:  base: D:3, evilmike_abyss_exit_chaos, base: Temple, base:
D:10

Skill      XL: |  1  2  3  4  5  6  7  8  9 10 11 12 13 14 15 16 |
---------------+-------------------------------------------------+-----
Unarmed Combat | 4 5 6 7 9 11 12 13 14 | 14.3
Fighting       | 4 5 7 8 9 10 12 | 12.3
Stealth        | 1 3 4 5 6 |  6.0
Armour         | 3 7 9 10 11 | 11.3
Evocations     | 6 8 9 10 | 10.0
Translocations | 1 4 7 9 |  9.0
Spellcasting   | 2 4 6 |  6.0
Conjurations   | 2 7 |  7.7
Shields        | 2 |  2.5
Dodging        | |  2.6

Action                     |  1- 3 |  4- 6 |  7- 9 | 10-12 | 13-15 | 16-18 || total
---------------------------+-------+-------+-------+-------+-------+-------++-------
  Melee: Unarmed           |    38 |    27 |   301 |   515 |  1002 |   183 ||  2066
         Dagger            |   106 |   180 |       |       |       |       ||   286
         Punch             |     3 |     7 |    16 |    42 |    89 |       ||   157
         Spear             |       |     5 |       |       |       |       ||     5
  Throw: Dart              |     4 |    16 |    11 |    37 |    13 |       ||    81
 Invoke: Serpent's Lash    |       |       |     1 |     3 |     1 |     1 ||     6
         Heavenly Storm    |       |       |       |     1 |     1 |       ||     2
Ability: Lunge             |     3 |    17 |    45 |    59 |    58 |     9 ||   191
         Whirlwind         |       |     3 |    16 |    25 |   116 |     8 ||   168
         Wall Jump         |       |       |       |     1 |       |       ||     1
  Evoke: Wand              |       |     1 |     6 |    17 |     8 |     3 ||    35
         Condenser vane    |       |       |       |     2 |     2 |       ||     4
    Use: Scroll            |     1 |     4 |    12 |     4 |     8 |     4 ||    33
         Potion            |       |       |     1 |     2 |     6 |     3 ||    12
   Stab: Sleeping          |     1 |     2 |     5 |     9 |    14 |     1 ||    32
         Distracted        |       |       |       |     1 |     3 |     1 ||     5
         Petrified         |       |       |       |       |     5 |       ||     5
         Petrifying        |       |       |       |       |     1 |       ||     1
 Armour: Robe              |    61 |    47 |       |       |       |       ||   108
         Ring mail         |       |    31 |   146 |   313 |   672 |   128 ||  1290
  Dodge: Dodged            |    88 |    73 |   124 |   193 |   406 |    78 ||   962
  Block: Buckler           |       |       |       |       |       |    20 ||    20

Table legend: (Time is in decaauts)
 A = Elapsed time spent in this place.
 B = Non-inter-level travel time spent in this place.
 C = Inter-level travel time spent in this place.
 D = Time resting spent in this place.
 E = Time spent auto-exploring this place.
 F = Levels seen in this place.
 G = Mean time per level.
                   A        B        C        D        E       F      G
               +--------+--------+--------+--------+--------+-----+--------+
         Total |  21068 |  20137 |    931 |   2541 |  10797 |  23 |  916.0 |
       Dungeon |  11647 |  11043 |    604 |   1459 |   5805 |  12 |  970.6 |
        Temple |      1 |      1 |      0 |      0 |      0 |   1 |    1.0 |
          Lair |   6629 |   6303 |    326 |    341 |   4599 |   5 | 1325.8 |
  Orcish Mines |    594 |    594 |      0 |      4 |    385 |   1 |  594.0 |
         Abyss |    913 |    913 |      0 |    438 |      0 |   2 |  456.5 |
        Bailey |    466 |    466 |      0 |     19 |      2 |   1 |  466.0 |
      Ice Cave |    815 |    815 |      0 |    278 |      6 |   1 |  815.0 |
               +--------+--------+--------+--------+--------+-----+--------+

Top non-repeatable levels by time:
  Lair:5: 2610 daAuts
     D:9: 1762 daAuts
    D:10: 1406 daAuts
  Lair:2: 1167 daAuts
    D:12: 1155 daAuts
     D:4: 1141 daAuts
  Lair:4: 1063 daAuts
  Lair:3: 1041 daAuts
 Abyss:2: 913 daAuts
     D:5: 908 daAuts
     D:1: 871 daAuts
     D:6: 846 daAuts
     D:2: 824 daAuts
     D:8: 816 daAuts
   IceCv: 815 daAuts
